 Dungeon Crawl Stone Soup version 0.28.0-53-g5a82cb258f (webtiles) character file.

Game seed: 446009297428953052

1205 yokelz the Carver (level 8, 0/65 HPs)
             Began as a Palentonga Monk on Aug 6, 2022.
             Slain by an orc priest
             ... wielding a +0 war axe
              (2 damage)
             ... on level 7 of the Dungeon.
             The game lasted 00:08:27 (5990 turns).

yokelz the Carver (Palentonga Monk)                 Turns: 5990, Time: 00:08:28

Health: 0/65       AC: 16    Str: 15    XL:     8   Next: 21%
Magic:  8/8        EV:  9    Int: 11    God:
Gold:   326        SH:  0    Dex: 14    Spells: 7/7 levels left

rFire   . . .      SeeInvis +   a - +0 falchion
rCold   . . .      Faith    .   (no shield)
rNeg    . . .      Spirit   .   e - +3 ring mail
rPois   .          Reflect  .   (no helmet)
rElec   .          Harm     .   (no cloak)
rCorr   .          Rampage  .   (no gloves)
Will    .....                   (no barding)
Stlth   +.........              (no amulet)
HPRegen 0.20/turn               (no ring)
MPRegen 0.11/turn               (no ring)

@: mighty, attractive, invisible, curled up
A: large, rugged brown scales 3, see invisible, deformed body, roll 1, armoured
tail, reflexive curl
a: Rolling Charge


You were on level 7 of the Dungeon.
You visited 1 branch of the dungeon, and saw 7 of its levels.

You collected 326 gold pieces.

Inventory:

Hand Weapons
 a - a +0 falchion (weapon)
Missiles
 f - 7 poisoned darts (quivered)
 u - 6 silver boomerangs
Armour
 b - a +0 robe
 e - a +3 ring mail (worn)
Jewellery
 d - a ring of protection from fire
Wands
 v - a wand of mindburst (9)
Scrolls
 c - a scroll of summoning
 h - a scroll of enchant armour {unknown}
 i - a scroll of immolation {unknown}
 j - 7 scrolls of identify {unknown}
 m - a scroll of amnesia {unknown}
 n - 3 scrolls of blinking {unknown}
 o - a scroll of teleportation {unknown}
 q - a scroll of magic mapping {unknown}
 s - a scroll of fog {unknown}
 t - a scroll of torment {unknown}
Potions
 g - a potion of might
 l - a potion of heal wounds {unknown}
 p - a potion of invisibility
 r - a potion of cancellation {unknown}


   Skills:
 + Level 4.7 Fighting
 + Level 8.9 Long Blades
 + Level 2.8 Armour
 - Level 2.4 Dodging
 - Level 1.2 Stealth


You had 7 spell levels left.
You didn't know any spells.
Your spell library contained the following spells:

 Spells                   Type           Power      Damage    Failure   Level
 Freeze                   Ice            0%         1d3       56%         1
 Frozen Ramparts          Ice            0%         1d2       90%         3
 Hailstorm                Conj/Ice       0%         3d3       100%        4


Dungeon Overview and Level Annotations

Branches:
Dungeon (7/15)
 Temple: D:4-7

Altars:
Ashenzari
Dithmenos
Sif Muna
Uskayaw
Zin

Shops:
D:4 [

Annotations:
D:4 Edmund


Innate Abilities, Weirdness & Mutations

You are completely covered in rugged brown scales. (AC +3, +7% HP)
You have supernaturally acute eyesight. (SInv)
Armour fits poorly on your strangely shaped body.
You can roll at nearby foes to attack.
You have a long armoured tail.
You curl defensively after being hit. (AC +7*)


Message History

You barely miss the orc warrior.
The orc warrior is severely wounded.
The orc priest hits you with a +0 war axe.
The orc warrior hits you with a +0 long sword.
You hit the orc warrior.
The orc warrior is almost dead.
The orc priest mumbles some strange prayers to Beogh against you.
Beogh smites you! The orc warrior barely misses you.
You completely miss the orc warrior.
The orc warrior is almost dead.
The orc priest barely misses you.
The orc warrior hits you with a +0 long sword!
You hit the orc warrior but do no damage.
The orc warrior is almost dead.
The orc priest hits you with a +0 war axe!
* * * LOW HITPOINT WARNING * * *
You barely miss the orc warrior.
The orc warrior is almost dead.
The orc warrior hits you with a +0 long sword.
* * * LOW HITPOINT WARNING * * *
The orc priest hits you but does no damage.
You hit the orc warrior but do no damage.
The orc warrior is almost dead.
The orc warrior hits you with a +0 long sword.
* * * LOW HITPOINT WARNING * * *
The orc priest hits you with a +0 war axe.
* * * LOW HITPOINT WARNING * * *
It was a potion of might.
You feel very mighty all of a sudden.
The orc warrior hits you with a +0 long sword.
* * * LOW HITPOINT WARNING * * *
The orc priest hits you but does no damage.
It was a potion of invisibility.
You fade into invisibility!
The orc warrior closely misses you. The orc priest barely misses you.
It was a potion of attraction.
You feel attractive to monsters. The orc warrior closely misses you.
The orc priest hits you with a +0 war axe.
You die...

#######
##########......
#.......##.####.
#.##............
####.##.##.##..#.#.
#.......##.##.<#.#.
#####o##.#####.##...)..
#.o..#@#.#####.###.##.#
#.###o##......[# #.....
#)# ############ ##...#
#.......# ###...#
#oo#.#..# #......
..oo#....# #......
.<..> ##. ... #...(..
....# ...### ###...#
#### .# # #...#


You could see an orc warrior and an orc priest.

Vanquished Creatures
  Sigmund (D:6)
  A sky beast (D:6)
  A necrophage (D:5)
  An ogre (D:4)
  A scorpion (D:4)
  A water moccasin skeleton (D:4)
  4 wights (D:6)
  3 hounds
  A bullfrog skeleton (D:6)
  3 iguanas
  3 orc wizards
  5 adders
  9 river rats (D:5)
  An ufetubus (D:6)
  2 adder skeletons (D:4)
  3 dart slugs
  10 orcs
  2 endoplasms (D:1)
  A giant cockroach (D:6)
  8 goblins
  5 hobgoblins
  4 jackals (D:1)
  4 kobolds
  10 quokkas
  2 ball pythons
  8 bats
  11 frilled lizards
  19 rats
124 creatures vanquished.

Vanquished Creatures (others)
  9 plants (D:5)
9 creatures vanquished.

Grand Total: 133 creatures vanquished

Notes
Turn   | Place    | Note
-------+----------+-------------------------------------------
     0 | D:1      | yokelz the Palentonga Monk began the quest for the Orb.
     0 | D:1      | Reached XP level 1. HP: 19/19 MP: 1/1
   279 | D:1      | Reached XP level 2. HP: 25/25 MP: 2/2
   683 | D:1      | Reached skill level 4 in Long Blades
   833 | D:1      | Reached XP level 3. HP: 26/31 MP: 3/3
  1639 | D:4      | Noticed Edmund
  1758 | D:4      | Reached skill level 5 in Long Blades
  1758 | D:4      | Reached XP level 4. HP: 33/37 MP: 4/4
  2197 | D:4      | Noticed an ogre
  2226 | D:4      | Reached XP level 5. HP: 29/43 MP: 5/5
  2227 | D:4      | Killed an ogre
  2228 | D:4      | Reached skill level 6 in Long Blades
  2530 | D:4      | Found Hosu's Antique Armour Boutique.
  2574 | D:4      | Reached skill level 7 in Long Blades
  2574 | D:4      | Reached XP level 6. HP: 50/50 MP: 6/6
  2840 | D:4      | Found a hide-covered altar of Uskayaw.
  2872 | D:4      | Found a shadowy altar of Dithmenos.
  2930 | D:5      | Entered Level 5 of the Dungeon
  3233 | D:5      | Reached skill level 8 in Long Blades
  3233 | D:5      | Gained mutation: You curl defensively after being hit. (AC
                  | +7*) [Palentonga growth]
  3233 | D:5      | Reached XP level 7. HP: 46/55 MP: 7/7
  3793 | D:5      | Reached skill level 1 in Armour
  4956 | D:6      | Found a shimmering blue altar of Sif Muna.
  4956 | D:6      | Found a broken altar of Ashenzari.
  5009 | D:6      | Found a glowing silver altar of Zin.
  5064 | D:6      | Reached XP level 8. HP: 43/65 MP: 8/8
  5419 | D:6      | Noticed Sigmund
  5432 | D:6      | Killed Sigmund
  5988 | D:7      | HP: 2/65 [orc warrior/+0 long sword (2)]
  5990 | D:7      | Slain by an orc priest

Illustrated notes

Levels and vault maps discovered:
D:1:      matt_arrival_los_fun, layout_loops_corners, serial_forest,
          infiniplex_forest_lined_room_2, infiniplex_forest_lined_2,
          infiniplex_forest_clump_small, infiniplex_forest_straight_3,
          serial_park_tiny_1, wander_ebering_terrifying_dragon_lair
D:2:      layout_basic, hellmonk_ecumenical_altar_watching_god,
          kennysheep_crisscross, minmay_heptomino_h4
D:3:      layout_loops_ring, mainiacjoe_overflow_catwalk, serial_shops,
          nicolae_shop_competitors_out_of_business, amethyst_killhole
D:4:      layout_basic, mainiacjoe_overflow_two_lobes, serial_shops, shop,
          uniq_edmund
D:5:      lemuel_ratsnest, layout_basic, nrook_pool_corridor,
          hangedman_abyss_or_decor_passed, minmay_lizard_king
D:6:      layout_basic, zin_academy, gammafunk_temple_overflow_wave,
          gup_sewer_entry_spiral, uniq_sigmund
D:7:      layout_loops_cross, minmay_temple_entry_enclosed_plants,
          nicolae_shop_self_help, uniq_joseph

Skill      XL: |  1  2  3  4  5  6  7 |
---------------+----------------------+-----
Long Blades    | 4 5 7 8 |  8.9
Armour         | 2 |  2.8
Fighting       | 4 |  4.7
Dodging        | |  2.4
Stealth        | |  1.2

Action                   |  1- 3 |  4- 6 |  7- 9 || total
-------------------------+-------+-------+-------++-------
Melee: Falchion          |   141 |    88 |   235 ||   464
       Tailslap          |    16 |    12 |    31 ||    59
       Punch             |     1 |     3 |     4 ||     8
Throw: Dart              |       |     9 |       ||     9
  Use: Scroll            |       |     1 |       ||     1
       Potion            |       |       |     3 ||     3
 Stab: Sleeping          |     1 |       |       ||     1
Armor: Ring mail         |    89 |    45 |    90 ||   224
Dodge: Dodged            |    92 |    45 |   103 ||   240
